 Dungeon Crawl Stone Soup version 0.28.0-53-g5a82cb258f (webtiles) character file.

Game seed: 14934705522837102175

20 safid the Skirmisher (level 2, -2/27 HPs)
             Began as a Hill Orc Fighter on July 27, 2022.
             Was a Follower of Nemelex Xobeh.
             Killed from afar by an orc wizard (5 damage)
             ... with a puff of flame
             ... on level 2 of the Dungeon.
             The game lasted 00:01:19 (1180 turns).

safid the Skirmisher (Hill Orc Fighter)             Turns: 1180, Time: 00:01:19

Health: -2/27      AC:  6    Str: 18    XL:     2   Next: 79%
Magic:  2/2        EV:  9    Int:  8    God:    Nemelex Xobeh [*.....]
Gold:   35         SH:  4    Dex: 10    Spells: 1/1 levels left

rFire   . . .      SeeInvis .   a - +0 war axe
rCold   . . .      Faith    .   c - +0 buckler
rNeg    . . .      Spirit   .   b - +0 scale mail
rPois   .          Reflect  .   (no helmet)
rElec   .          Harm     .   (no cloak)
rCorr   .          Rampage  .   (no gloves)
Will    .....                   (no boots)
Stlth   ..........              (no amulet)
HPRegen 0.09/turn               (no ring)
MPRegen 0.08/turn               (no ring)

@: no status effects
A: no striking features
a: Renounce Religion, Draw Escape, Draw Destruction, Draw Summoning


You were on level 2 of the Dungeon.
You worshipped Nemelex Xobeh.
Nemelex Xobeh was aware of your devotion.
You visited 1 branch of the dungeon, and saw 2 of its levels.

You collected 35 gold pieces.

Inventory:

Hand Weapons
 a - a +0 war axe (weapon)
Missiles
 i - 6 poisoned darts (quivered)
Armour
 b - a +0 scale mail (worn)
 c - a +0 buckler (worn)
Jewellery
 e - a ring of willpower
Wands
 n - a wand of mindburst (17)
Scrolls
 f - a scroll of blinking {unknown}
 h - a scroll of identify {unknown}
 j - a scroll of fog {unknown}
Potions
 d - a potion of might
 g - 2 potions of heal wounds {unknown}
 k - a potion of curing {unknown}
 l - a potion of haste {unknown}
 m - a potion of degeneration {unknown}


   Skills:
 - Level 4.0 Fighting
 + Level 3.2 Axes
 + Level 3.5 Armour
 + Level 3.5 Shields


You had one spell level left.
You didn't know any spells.
Your spell library contained the following spells:

 Spells                   Type           Power      Damage    Failure   Level
 Ensorcelled Hibernation  Hex/Ice        0%         N/A       95%         2
 Passwall                 Tmut/Erth      0%         N/A       95%         2
 Swiftness                Air            0%         N/A       99%         3


Dungeon Overview and Level Annotations

Branches:
Dungeon (2/15)

Altars:
Nemelex Xobeh
Trog

Shops:
D:1 =


Message History

You are too injured to fight recklessly!
You are too injured to fight recklessly!
You are too injured to fight recklessly!
You are too injured to fight recklessly!
You are too injured to fight recklessly!
You are too injured to fight recklessly!
You are too injured to fight recklessly!
You are too injured to fight recklessly!
You are too injured to fight recklessly!
You are too injured to fight recklessly!
You are too injured to fight recklessly!
You are too injured to fight recklessly!
You are too injured to fight recklessly!
You are too injured to fight recklessly!
You miss something. Something hits you but does no damage.
You block the orc's attack.
You slash the orc!
You kill the orc!
You miss something.
You hear some strange, mumbled words.
A magic dart appears from out of thin air!
The magic dart hits you.
* * * LOW HITPOINT WARNING * * *
Training target 4.0 for Fighting reached!
Your Fighting skill increases to level 4!
The orc throws a boomerang.
The boomerang hits you.
* * * LOW HITPOINT WARNING * * *
Unknown command.
The orc throws a boomerang.
The boomerang hits you.
* * * LOW HITPOINT WARNING * * *
The orc throws a boomerang.
The boomerang completely misses you.
The orc throws a boomerang.
The boomerang hits you but does no damage.
The orc throws a boomerang.
You block the boomerang.
The orc throws a boomerang.
You hear some strange, mumbled words.
A puff of flame appears from out of thin air!
The puff of flame hits you.
You die...
Your body disappears without a glow.

................≈≈≈≈.#
.....###....###.≈≈≈≈.#
............###.≈≈≈≈.##
.....##.###.....≈≈≈≈.>#.
)###........###.≈≈≈≈≈...
.#...#..........≈≈≈≈≈.#
)................≈≈≈≈##.
.........######^.≈≈≈≈...
........## #.@≈≈≈≈≈..
........# #..≈≈≈≈≈..
.##############.{.≈≈≈≈##
.# #........≈≈≈≈≈# .#
##.###....≈≈≈≈≈#
.########..##....88≈≈≈≈≈
...............o........
########.####...........
# ###..####o..)88≈≈≈≈≈


You could see an orc.

Vanquished Creatures
  An orc (D:2)
  An endoplasm (D:1)
  5 goblins
  A hobgoblin (D:1)
  5 kobolds (D:1)
  2 ball pythons (D:2)
  A frilled lizard (D:1)
  2 rats
18 creatures vanquished.

Notes
Turn   | Place    | Note
-------+----------+-------------------------------------------
     0 | D:1      | safid the Hill Orc Fighter began the quest for the Orb.
     0 | D:1      | Reached XP level 1. HP: 19/19 MP: 1/1
    48 | D:1      | Found Ystroteb's Jewellery Emporium.
   531 | D:1      | Reached XP level 2. HP: 19/27 MP: 2/2
   729 | D:1      | Found a faded altar of an unknown god.
   745 | D:1      | Prayed at the altar of an unknown god.
   745 | D:1      | Became a worshipper of Nemelex Xobeh the Trickster
   745 | D:1      | Reached * piety under Nemelex Xobeh
  1105 | D:2      | Found a bloodstained altar of Trog.
  1172 | D:2      | Reached skill level 4 in Fighting
  1180 | D:2      | Killed from afar by an orc wizard

Illustrated notes

Levels and vault maps discovered:
D:1:      grunt_arrival_crossed_arrows, layout_loops_ring, serial_shops,
          nicolae_shop_behind_doors, ebering_ecumenical_altar_abandoned
D:2:      wander_river, layout_rooms, basic_altar

Skill      XL: |  1  2 |
---------------+-------+-----
Axes           | 3 |  3.2
Fighting       | 4 |  4.0
Armour         | |  3.5
Shields        | |  3.5

Action                   || total
-------------------------++-------
Melee: War axe           ||    39
Armor: Scale mail        ||    16
Dodge: Dodged            ||     9
Block: Buckler           ||     8
